 Dungeon Crawl Stone Soup version 0.22.1-2-g9c5b331 (webtiles) character file.

151 thomasnlv21 the Skirmisher (level 5, -9/47 HPs)
             Began as a Minotaur Berserker on Nov 18, 2018.
             Was a Believer of Trog.
             Mangled by Menkaure (14 damage)
             ... on level 4 of the Dungeon.
             The game lasted 00:07:11 (3359 turns).

thomasnlv21 the Skirmisher (Minotaur Berserker)     Turns: 3359, Time: 00:07:12

Health: -9/47      AC:  7    Str: 22    XL:     5   Next: 10%
Magic:  4/4        EV: 12    Int:  4    God:    Trog [**....]
Gold:   170        SH:  0    Dex: 10    Spells: 4/4 levels left

rFire    . . .     SeeInvis .   a - +1 hand axe
rCold    . . .     Gourm    .   (no shield)
rNeg     . . .     Faith    .   g - +0 ring mail
rPois    .         Spirit   .   (helmet restricted)
rElec    .         Reflect  .   b - scarf {cloud immunity}
rCorr    .         Harm     .   (no gloves)
MR       +....                  (no boots)
Stlth    ..........             (no amulet)
HPRegen  0.15/turn              (no ring)
MPRegen  0.09/turn              (no ring)

@: no status effects
A: retaliatory headbutt, horns 2, molten scales 1, magic resistance 1
a: Berserk, Trog's Hand, Renounce Religion


You were on level 4 of the Dungeon.
You worshipped Trog.
Trog was pleased with you.
You were not hungry.

You visited 1 branch of the dungeon, and saw 4 of its levels.

You collected 170 gold pieces.

Inventory:

Hand Weapons
 a - a +1 hand axe (weapon)
Armour
 b - a scarf of cloud immunity (worn)
 e - a +1 leather armour
 g - a +0 ring mail (worn)
Jewellery
 f - a cursed -2 ring of strength {unknown}
Scrolls
 d - 2 scrolls of enchant armour
 i - 2 scrolls of enchant weapon
Comestibles
 c - 6 rations


   Skills:
 + Level 4.7 Fighting
 + Level 4.7 Axes
 + Level 3.8 Armour
 + Level 3.4 Dodging


You had 4 spell levels left.
You didn't know any spells.
Your spell library was empty.

Dungeon Overview and Level Annotations

Branches:
Dungeon (4/15)
 Temple: D:4-7

Altars:
Cheibriados
Dithmenos
Fedhas
Hepliaklqana
Ru
Uskayaw
Xom
Zin

Annotations:
D:4 Menkaure


Innate Abilities, Weirdness & Mutations

You reflexively headbutt those who attack you in melee.
You have a pair of horns on your head.
You are partially covered in molten scales. (AC +2)
You are resistant to hostile enchantments. (MR+)


Message History

* * * LOW HITPOINT WARNING * * *
The orc convulses! x2
You slash Menkaure!
Menkaure is heavily damaged.
Menkaure casts a spell at you. You resist with some effort.
Menkaure calls on the powers of darkness!
Your body is wracked with pain!
* * * LOW HITPOINT WARNING * * *
The orc convulses! x2
You hit Menkaure.
Menkaure is severely damaged.
Menkaure calls on the powers of darkness!
Your body is wracked with pain!
* * * LOW HITPOINT WARNING * * *
The orc convulses!
You hit Menkaure.
Menkaure is almost destroyed.
Menkaure hits you!
You die... #.....# #.....## ....... . ...(. .. .... .. #oo

.<.. #M# ...#. #@#
......#.####### .#
#..........# .#
#..<.......# .#
#..........# ## .#
#....##.####.... ..
...............# ##.>
...........##### #..#
##....#.#.....#######.##


You could see Menkaure and 2 orcs.

Vanquished Creatures
  A hound (D:4)
  Robin (D:3)
  3 gnolls (D:2)
  3 adders
  An ooze (D:1)
  A dart slug (D:1)
  2 orcs
  A giant cockroach (D:4)
  12 goblins
  7 hobgoblins
  3 jackals (D:3)
  2 quokkas (D:3)
  5 bats
  4 frilled lizards
  2 kobolds
  5 rats
53 creatures vanquished.

Notes
Turn   | Place    | Note
-------+----------+-------------------------------------------
     0 | D:1      | thomasnlv21 the Minotaur Berserker began the quest for the
                  | Orb.
     0 | D:1      | Reached XP level 1. HP: 19/19 MP: 0/0
   241 | D:1      | Reached XP level 2. HP: 27/27 MP: 1/1
   304 | D:1      | Gained mutation: You are partially covered in molten
                  | scales. (AC +2) [potion of mutation]
   304 | D:1      | Gained mutation: You are resistant to hostile enchantments.
                  | (MR+) [potion of mutation]
   900 | D:2      | Found a shadowy altar of Dithmenos.
   959 | D:2      | Found a sacrificial altar of Ru.
   970 | D:2      | HP: 1/27 [gnoll/club (7)]
   971 | D:2      | Reached XP level 3. HP: 1/33 MP: 2/2
  1004 | D:2      | HP: 1/49 [gnoll/flail (6)]
  1676 | D:2      | Reached XP level 4. HP: 40/40 MP: 3/3
  2368 | D:3      | Reached ** piety under Trog
  2653 | D:3      | Found a shimmering altar of Xom.
  2654 | D:3      | Found a snail-covered altar of Cheibriados.
  2654 | D:3      | Found a glowing silver altar of Zin.
  2654 | D:3      | Found a sacrificial altar of Ru.
  2662 | D:3      | Found a hide-covered altar of Uskayaw.
  2674 | D:3      | Found a hazy altar of Hepliaklqana.
  3033 | D:3      | Found a faded altar of an unknown god.
  3042 | D:3      | Noticed Robin
  3052 | D:3      | Killed Robin
  3229 | D:3      | Found a blossoming altar of Fedhas.
  3301 | D:4      | Reached XP level 5. HP: 42/47 MP: 4/4
  3342 | D:4      | Noticed Menkaure
  3359 | D:4      | Mangled by Menkaure

Skill      XL: |  1  2  3 |
---------------+----------+-----
Fighting       | 4 |  4.7
Axes           | 4 |  4.7
Armour         | 3 |  3.8
Dodging        | 3 |  3.4

Action                   |  1- 3 |  4- 6 || total
-------------------------+-------+-------++-------
Melee: Hand axe          |    38 |    63 ||   101
       Headbutt          |     6 |     6 ||    12
Invok: Berserk           |     1 |     1 ||     2
  Use: Potion            |     4 |     4 ||     8
       Scroll            |     4 |     4 ||     8
  Eat: Chunk             |     1 |     5 ||     6
       Ration            |       |     1 ||     1
Armor: Leather armour    |     9 |       ||     9
       Ring mail         |       |    18 ||    18
Dodge: Dodged            |    22 |    44 ||    66
